cohdb
Replays
Latest Replays
All Replays
Popular Replays
Top Player Replays
Match Explorer
How It Works
Community
CoH3 Stats
Reddit
Sign in to upload your games and track your stats! →
Sign in with Steam
Match 45206646
Unlisted
Match 45206646
Overview
Messages
Build Orders
End
Panzergrenadier Squad
Selects Italian Infantry
Panzergrenadier Squad
Panzergrenadier Squad
Construct Light Support Kompanie
Fire Support Elements
2.5-tonne Medical Truck
MG34 Team
Tungsten Core Ammunition
Construct Panzerarmee Kommand
Selects Guastatori Squad
Guastatori Squad
Selects Defensive Operations
Selects Territory Booby Traps
Walking Stuka Rocket Launcher
Forward Retreat Point
Selects Registered Artillery
Panzer III L Medium Tank
Panzer III L Medium Tank
Selects Obice 305mm Barrage
Panzer III L Medium Tank
Registered Artillery
Panzer III L Medium Tank
Panzer III L Medium Tank
Geoffrey Bisol
AI
Taka_nL
CiscoCrisco
QGD
KingNothing
银魂
Orange
0
0
Comments
sign in to comment!
No comments posted yet!